 Dungeon Crawl Stone Soup version 0.30-a0-6-g7c9e10e132 (webtiles) character file.

Game seed: 1179578411530118162

57065 freelancePsychic the Fighter (level 14, -1/150 HPs)
             Began as a Troll Wanderer on Aug 22, 2022.
             Was the Champion of Okawaru.
             Slain by a hornet (6 damage)
             ... while paralysed by a hornet
             ... on level 5 of the Lair of Beasts.
             The game lasted 00:37:53 (14857 turns).

freelancePsychic the Fighter (Troll Wanderer)      Turns: 14857, Time: 00:37:54

Health: -1/150     AC: 14    Str: 27    XL:     14   Next: 44%
Magic:  27/27      EV:  1    Int:  8    God:    Okawaru [******]
Gold:   1101       SH:  0    Dex: 15    Spells: 15/15 levels left

rFire   + . .      SeeInvis .      - Unarmed
rCold   + + .      Faith    .    L - +0 tower shield {AC+3}
rNeg    . . .      Spirit   .    v - +0 acid dragon scales
rPois   +          Reflect  .    (helmet restricted)
rElec   .          Harm     .    t - +2 cloak
rCorr   +          Rampage  +    (gloves unavailable)
Will    +....                    (boots unavailable)
Stlth   +.........               o - amulet of Luxees {Rampage +Blink rF+ rC++ Regen+}
HPRegen 1.95/turn                i - ring of the Original Sin {rPois MP+9 Str+6 Slay+2}
MPRegen 0.20/turn                H - +4 ring of evasion

@: paralysed, slowed
A: large, unfitting armour, claws 3, regeneration 1, shaggy fur 1, tough skin 1
a: Renounce Religion, Evoke Blink, Heroism, Finesse, Duel


You were on level 5 of the Lair of Beasts.
You worshipped Okawaru.
Okawaru was exalted by your worship.
You visited 3 branches of the dungeon, and saw 18 of its levels.
You also visited: Trove.

You collected 1339 gold pieces.
You spent 238 gold pieces at shops.

Inventory:

Missiles
 f - 45 poisoned darts
 m - 9 javelins
 n - 108 stones
 y - a silver javelin
 C - 7 boomerangs
 E - a curare-tipped dart (quivered)
 Q - 2 datura-tipped darts
 T - 5 large rocks
Armour
 d - a +0 kite shield
 t - a +2 cloak (worn)
 v - +0 acid dragon scales (worn)
 L - a +0 tower shield of protection (worn)
 U - +1 steam dragon scales
Jewellery
 c - an amulet of magic regeneration
 i - the ring of the Original Sin (left claw) {rPois MP+9 Str+6 Slay+2}
   (You found it on level 11 of the Dungeon)

   [ring of strength]

   Str:       It affects your strength (+6).
   Slay:      It affects your accuracy & damage with ranged weapons and melee
   (+2).
   rPois:     It protects you from poison.
   MP:        It affects your magic capacity (+9).
 o - the amulet of Luxees (around neck) {Rampage +Blink rF+ rC++ Regen+}
   (You found it in a treasure trove)

   [amulet of regeneration]

   rF:        It protects you from fire.
   rC:        It greatly protects you from cold.
   +Blink:    It lets you blink.
   Regen:     It increases your rate of health regeneration.
   Rampage:   It bestows one free step when moving towards enemies.
 x - a ring of willpower
 F - a +4 ring of evasion
 G - the ring "Tuaz" {rF+ rN+ Str+6}
   (You found it in a treasure trove)

   [ring of strength]

   Str:       It affects your strength (+6).
   rF:        It protects you from fire.
   rN:        It protects you from negative energy.
 H - a +4 ring of evasion (right claw)
 M - a ring of see invisible
 N - a ring of ice
 V - a ring of flight
 W - a ring "Xoliot" {Wiz Str+3}
   (You found it on level 3 of the Lair of Beasts)

   [ring of wizardry]

   It improves your spell success rate.
   Str:       It affects your strength (+3).
Wands
 p - a wand of paralysis (39)
 z - a wand of roots (6)
 B - a wand of quicksilver (13)
 D - a wand of mindburst (14)
 P - a wand of polymorph (6)
 R - a wand of flame (14)
Scrolls
 a - 6 scrolls of poison
 h - 3 scrolls of immolation
 s - 3 scrolls of blinking
 w - a scroll of silence
 A - 5 scrolls of magic mapping
 K - 3 scrolls of teleportation {@r4}
 X - 4 scrolls of identify {@r1}
Potions
 b - 4 potions of attraction
 e - 3 potions of lignification
 g - 4 potions of haste {@q3}
 j - 3 potions of heal wounds {@q2}
 k - a potion of cancellation
 l - 13 potions of curing {@q1}
 q - 4 potions of might
 r - 3 potions of mutation
 u - a potion of brilliance
 I - a potion of magic
 J - a potion of invisibility
 O - 5 potions of flight
 S - a potion of berserk rage
 Z - a potion of resistance {unknown}


   Skills:
 * Level 12.6 Fighting
 + Level 10.5 Throwing
 - Level 10.0 Shields
 - Level 12.5 Unarmed Combat
 - Level 1.2 Spellcasting
 - Level 1.3 Ice Magic
 - Level 2.0 Air Magic
 + Level 6.8 Invocations


You had 15 spell levels left.
You didn't know any spells.
Your spell library contained the following spells:

 Spells                   Type           Power      Damage    Failure   Level
 Freeze                   Ice            8%         1d3       73%         1
 Shock                    Conj/Air       8%         1d3       78%         1
 Sting                    Tmut/Pois      0%         1d3       89%         1
 Poisonous Vapours        Pois/Air       4%         N/A       89%         2
 Static Discharge         Conj/Air       2%         3-4/arc   89%         2
 Swiftness                Air            3%         N/A       95%         3
 Frozen Ramparts          Ice            4%         1d1       97%         3
 Ozocubu's Armour         Ice            2%         N/A       97%         3
 Hailstorm                Conj/Ice       1%         3d3       100%        4
 Olgreb's Toxic Radiance  Pois           0%         N/A       100%        4
 Lightning Bolt           Conj/Air       1%         1d12      100%        5
 Conjure Ball Lightning   Conj/Air       1%         3x3d6     100%        6
 Ozocubu's Refrigeration  Ice            1%         4d7       100%        7
 Storm Form               Tmut/Air       1%         N/A       100%        7
 Maxwell's Capacitive Co  Air            1%         ∞         100%        8


Dungeon Overview and Level Annotations

Branches:
Dungeon (12/15)            Temple (1/1) D:5            Lair (5/5) D:10
  Swamp (0/4) Lair:2       Spider (0/4) Lair:3        Slime (0/5) Lair:4
    Orc (0/2) D:11

Altars:
Ashenzari
Cheibriados
Elyvilon
Fedhas
Gozag
Hepliaklqana
Kikubaaqudgha
Makhleb
Nemelex Xobeh
Okawaru
Qazlal
Ru
Sif Muna
Trog
Uskayaw
Wu Jian
Xom
Yredelemnul
Zin
The Shining One
Jiyva

Shops:
D:3 *

Annotations:
D:3 Dowan, Duvessa
D:9 1 runed translucent door, marklar909's ghost, journeyman PaFi
Lair:5 1 runed translucent door


Innate Abilities, Weirdness & Mutations

You are too large for most types of armour.
You have claws for hands.
Your natural rate of healing is unusually fast.
You are covered in fur. (AC +1)
You have tough skin. (AC +1)


Message History

Okawaru accepts your kill.
You feel sick. You block the hornet's attack. x2
The lindwurm bites you but does no damage.
The lindwurm closely misses you. The lindwurm barely misses you.
The hornet closely misses you. The torpor snail completely misses you.
You mangle the hornet!!
The hornet is severely wounded.
You feel sick. The hornet stings you!
You suddenly lose the ability to move!
The hornet stings you but does no damage.
The hornet stings you!
You feel as though you will be slow longer.
The lindwurm barely misses you.
The lindwurm claws you but does no damage.
The lindwurm claws you.
The hornet stings you but does no damage.
The hornet stings you. x2; The lindwurm bites you!
The lindwurm claws you but does no damage.
The lindwurm claws you!
A tyrant leech comes into view.
The hornet stings you!
* * * LOW HITPOINT WARNING * * *
You feel as though you will be slow longer.
The hornet stings you but does no damage.
You feel sick. The hornet stings you!
* * * LOW HITPOINT WARNING * * *
The hornet stings you but does no damage. x2
The lindwurm bites you.
* * * LOW HITPOINT WARNING * * *
The lindwurm claws you but does no damage.
The lindwurm claws you.
* * * LOW HITPOINT WARNING * * *
The torpor snail bites you but does no damage.
The hornet stings you!
* * * LOW HITPOINT WARNING * * *
You feel sick.
You are no longer poisoned.
The hornet stings you!
* * * LOW HITPOINT WARNING * * *
The hornet stings you.
You die...

######## #.##.P.###
####.
##.......######.....
##...#.#.....##....P
#...#####.....#..#
8.##.# #.##.....##
P..### ##
#.#...w#### #...###
##.#.y@(((# ##....#
####yky....# ##..##
##........ ##..###
...####w. #....#
^.#.# . #####..##
..#### #..#.P## ..
.#...## ... #.....#


You could see a tyrant leech, a torpor snail (very poisoned, slow), a lindwurm
and 3 hornets.

Vanquished Creatures
  Fannar (D:10)
  6 hydras
  A boulder beetle (D:12)
  5 two-headed ogres
  A catoblepas (Lair:2)
  13 death yaks
  Urug (Lair:2)
  Pikel (D:8)
  A cyclops (D:11)
  An ugly thing (D:11)
  26 elephants
  A manticore (D:11)
  4 black mambas
  7 cane toads
  A torpor snail (Lair:5)
  2 gargoyles (D:12)
  Maggie (Lair:2)
  An unseen horror (D:11)
  A rime drake (Lair:5)
  5 komodo dragons
  3 trolls
  10 polar bears
  9 blink frogs (Lair:4)
  3 hornets
  6 slime creatures (D:12)
  A raiju (Lair:5)
  3 wraiths
  A shadow (D:12)
  19 yaks
  A spriggan (Lair:2)
  6 basilisks
  3 vampires
  A wyvern (D:8)
  A steam dragon (D:7)
  4 vampire mosquitoes (D:11)
  6 wargs
  An acid dragon (D:12)
  16 hell hounds (Lair:5)
  9 water moccasins
  A sky beast (D:6)
  15 black bears
  7 orc warriors
  3 ice beasts
  An ogre (D:5)
  32 wolves
  4 centaurs
  2 kobold brigands
  2 lemures (D:8)
  3 necrophages
  8 bullfrogs
  2 gnoll sergeants
  3 scorpions
  14 wights
  6 electric eels
  4 howler monkeys
  9 orc priests
  4 hounds
  A jelly (D:6)
  2 iguanas
  6 orc wizards
  5 hell rats (Lair:4)
  10 gnolls
  7 adders
  2 white imps
  An ufetubus (D:5)
  A dart slug (D:4)
  46 orcs
  5 bats
  5 endoplasms
  5 giant cockroaches
  4 goblins
  2 hobgoblins
  12 jackals
  4 quokkas
  5 ball pythons
  3 frilled lizards
  9 kobolds
  10 rats
448 creatures vanquished.

Vanquished Creatures (others)
  Psyche (D:8)
  An orc wizard (D:6)
  2 kobolds (D:8)
  21 fungi
  38 plants
63 creatures vanquished.

Grand Total: 511 creatures vanquished

Notes
Turn   | Place    | Note
-------+----------+-------------------------------------------
     0 | D:1      | freelancePsychic the Troll Wanderer began the quest for the
                  | Orb.
     0 | D:1      | freelancePsychic set off with the following items: a +0
                  | club, a potion of attraction, a +0 robe, a +0 kite shield;
                  | and the following spells available to memorise: Freeze,
                  | Shock, Poisonous Vapours, Swiftness, Ozocubu's Armour.
     0 | D:1      | Reached XP level 1. HP: 16/16 MP: 1/1
   149 | D:1      | Reached skill level 1 in Unarmed Combat
   177 | D:1      | Reached XP level 2. HP: 26/26 MP: 2/2
   639 | D:1      | Reached XP level 3. HP: 32/32 MP: 3/3
   786 | D:2      | Reached skill level 1 in Fighting
  1134 | D:2      | Reached XP level 4. HP: 41/41 MP: 4/4
  1403 | D:3      | Found Habris's General Store.
  1433 | D:3      | Bought a scroll of identify for 28 gold pieces
  1940 | D:4      | Noticed Dowan
  2068 | D:4      | Noticed Duvessa
  2257 | D:4      | Reached XP level 5. HP: 37/48 MP: 5/5
  2352 | D:4      | Reached XP level 6. HP: 57/57 MP: 6/6
  3067 | D:5      | Entered Level 5 of the Dungeon
  3323 | D:5      | Reached skill level 5 in Unarmed Combat
  3323 | D:5      | Reached XP level 7. HP: 37/66 MP: 7/7
  3529 | D:5      | Found a staircase to the Ecumenical Temple.
  3540 | Temple   | Entered the Ecumenical Temple
  3602 | Temple   | Became a worshipper of Warmaster Okawaru
  3771 | D:5      | Reached skill level 1 in Throwing
  3889 | D:3      | Bought a scroll of magic mapping for 105 gold pieces
  3889 | D:3      | Bought a scroll of enchant armour for 105 gold pieces
  3993 | D:6      | You fall into a shaft and drop 2 floors!
  4167 | D:6      | Reached XP level 8. HP: 67/75 MP: 8/8
  4170 | D:6      | Reached * piety under Okawaru
  4545 | D:6      | Found a sparkling altar of Nemelex Xobeh.
  4710 | D:7      | Reached ** piety under Okawaru
  4830 | D:7      | Reached XP level 9. HP: 81/85 MP: 10/10
  5479 | D:8      | Reached skill level 5 in Fighting
  5608 | D:8      | Noticed Psyche
  5619 | D:8      | Killed Psyche
  5899 | D:8      | Noticed Pikel
  5936 | D:8      | Killed Pikel
  5936 | D:8      | Reached *** piety under Okawaru
  5945 | D:8      | Reached XP level 10. HP: 76/96 MP: 9/12
  6142 | D:8      | Reached skill level 5 in Throwing
  6377 | D:9      | Received a gift from Okawaru
  6426 | D:9      | Found a runed translucent door.
  6426 | D:9      | Noticed marklar909's ghost (journeyman PaFi)
  6465 | D:9      | Found an opulent altar of Gozag.
  6949 | D:10     | Entered Level 10 of the Dungeon
  7009 | D:10     | Noticed a two-headed ogre
  7019 | D:10     | Killed a two-headed ogre
  7019 | D:10     | Reached **** piety under Okawaru
  7020 | D:10     | Reached skill level 10 in Unarmed Combat
  7082 | D:10     | Got the Catalogue of the Welkin
  7086 | D:10     | Noticed Fannar
  7119 | D:10     | Found a staircase to the Lair.
  7136 | Lair:1   | Entered Level 1 of the Lair of Beasts
  7136 | Lair:1   | Noticed a cane toad
  7136 | Lair:1   | Noticed a black mamba
  7166 | D:10     | Killed Fannar
  7296 | D:10     | Reached skill level 5 in Invocations
  7383 | D:10     | Found a bloodstained altar of Trog.
  7384 | D:10     | Found a glowing golden altar of the Shining One.
  7395 | D:10     | Received a gift from Okawaru
  7435 | D:10     | Found a sacrificial altar of Ru.
  7436 | D:10     | Found an ornate altar of the Wu Jian Council.
  7516 | D:11     | Noticed a white ugly thing
  7525 | D:11     | Killed a white ugly thing
  7526 | D:11     | Reached XP level 11. HP: 72/109 MP: 10/13
  7671 | D:11     | Reached ***** piety under Okawaru
  7728 | D:11     | Noticed a two-headed ogre
  7742 | D:11     | Killed a two-headed ogre
  7746 | D:11     | Noticed a two-headed ogre
  7760 | D:11     | Killed a two-headed ogre
  8028 | D:11     | Identified the ring of the Original Sin {rPois MP+9 Str+6
                  | Slay+2}
  8170 | D:11     | Found a staircase to the Orcish Mines.
  8319 | D:11     | Received a gift from Okawaru
  8837 | D:11     | Identified a scroll of acquirement
  8837 | D:11     | Acquired the amulet of Izemuon {Regen+ rCorr Slay+2}
  9045 | D:12     | Noticed an eight-headed hydra
  9054 | D:12     | Killed an eight-headed hydra
  9143 | D:12     | Noticed a boulder beetle
  9152 | D:12     | Killed a boulder beetle
  9295 | D:12     | Noticed a two-headed ogre
  9305 | D:12     | Killed a two-headed ogre
  9473 | D:12     | Received a gift from Okawaru
  9554 | D:12     | Noticed a two-headed ogre
  9559 | D:12     | Killed a two-headed ogre
  9560 | D:12     | Reached XP level 12. HP: 123/123 MP: 15/15
  9758 | D:12     | Reached skill level 5 in Shields
 10178 | D:12     | Found a portal to a secret trove of treasure.
 10184 | D:12     | You paid a toll of 5 scrolls of fear to enter a treasure
                  | trove
 10185 | Trove    | Entered a treasure trove
 10224 | Trove    | Identified the amulet of Luxees {Rampage +Blink rF+ rC++
                  | Regen+}
 10227 | Trove    | Identified the amulet "Digom" {Regen+ Int+3 Dex+3}
 10229 | Trove    | Identified the ring "Tuaz" {rF+ rN+ Str+6}
 10388 | D:10     | Received a gift from Okawaru
 10649 | Lair:1   | Received a gift from Okawaru
 10681 | Lair:1   | Noticed a four-headed hydra
 10688 | Lair:1   | Killed a four-headed hydra
 10845 | Lair:1   | Received a gift from Okawaru
 11195 | Lair:2   | Reached skill level 10 in Fighting
 11352 | Lair:2   | Found a staircase to the Swamp.
 11374 | Lair:2   | Noticed Urug
 11390 | Lair:2   | Killed Urug
 11401 | Lair:2   | Noticed a catoblepas
 11415 | Lair:2   | Killed a catoblepas
 11591 | Lair:2   | Identified the +9 war axe of Kyokeci {drain, Will+ Int+5
                  | Dex-2}
 11816 | Lair:2   | Noticed Maggie
 11824 | Lair:2   | Killed Maggie
 11993 | Lair:3   | Reached XP level 13. HP: 131/135 MP: 16/16
 12033 | Lair:3   | Reached ****** piety under Okawaru
 12136 | Lair:3   | Received a gift from Okawaru
 12225 | Lair:3   | Identified a ring "Xoliot" {Wiz Str+3}
 12497 | Lair:3   | Received a gift from Okawaru
 12550 | Lair:3   | Found a hole to the Spider Nest.
 13439 | Lair:4   | Received a gift from Okawaru
 13556 | Lair:4   | Found a viscous altar of Jiyva.
 13556 | Lair:4   | Found a staircase to the Slime Pits.
 13574 | Lair:5   | Entered Level 5 of the Lair of Beasts
 13805 | Lair:5   | Received a gift from Okawaru
 13880 | Lair:5   | Reached skill level 10 in Throwing
 13969 | Lair:5   | Reached XP level 14. HP: 140/148 MP: 17/17
 14540 | Lair:5   | Reached skill level 10 in Shields
 14653 | Lair:5   | Received a gift from Okawaru
 14821 | Lair:5   | Found a runed translucent door.
 14855 | Lair:5   | Paralysed by a hornet for 3 turns
 14857 | Lair:5   | HP: 5/150 [hornet (13)]
 14857 | Lair:5   | Slain by a hornet

Illustrated notes

Levels and vault maps discovered:
D:1:      dpeg_arrival_shelter, layout_loops_ring
D:2:      layout_rooms, kennysheep_generic_room_8
D:3:      layout_basic, serial_shops, shop
D:4:      layout_basic, corner_web_ring, minmay_small_thing, uniq_duvessa
D:5:      layout_loops_ring, temple_hall
D:6:      layout_rooms, nemelex_diamond_rough_becter
D:7:      layout_rooms
D:8:      layout_loops_ring, uniq_psyche, uniq_pikel
D:9:      layout_irregular_city, grunt_gozag_breadcrumbs,
          hellmonk_ghost_happy_afterlife
D:10:     layout_rooms, mainiacjoe_overflow_alcove_3, dpeg_oklobed_lair,
          uniq_fannar
D:11:     layout_loops_ring, david_orc_1_choice
D:12:     layout_roguey [special_room_orc], trove_entry_hex_spiral,
          nrook_pool_corridor
Temple:   eino_temple_rhombus
Lair:1:   layout_hall_layers, disabler_island
Lair:2:   layout_misc_corridors, minmay_swamp_entry_eels,
          grunt_forest_stairs_clearing, grunt_megastairs_5, uniq_urug,
          uniq_maggie
Lair:3:   layout_regular_city, dummy_spider_entry, minivault_19
Lair:4:   layout_cave_shapes, dpeg_slime_entry_enclosed
Lair:5:   wormcave, layout_hall_layers, hangedman_lair_caniforms_friends

Skill      XL: |  1  2  3  4  5  6  7  8  9 10 11 12 13 14 |
---------------+-------------------------------------------+-----
Shields        | 2 3 4 7 9 10 | 10.0
Unarmed Combat | 1 2 3 4 5 6 7 9 10 11 12 | 12.5
Fighting       | 1 2 3 4 6 7 9 10 11 12 | 12.6
Throwing       | 2 3 4 6 8 9 10 | 10.5
Invocations    | 2 3 4 5 6 |  6.8
Spellcasting   | |  1.2
Ice Magic      | |  1.3
Air Magic      | |  2.0

Action                   |  1- 3 |  4- 6 |  7- 9 | 10-12 | 13-15 || total
-------------------------+-------+-------+-------+-------+-------++-------
Melee: Unarmed           |   156 |   110 |   328 |   498 |   468 ||  1560
Throw: Stone             |     3 |     4 |    29 |     8 |       ||    44
       Dart              |     2 |    20 |    16 |    27 |     6 ||    71
       Boomerang         |       |       |    14 |    72 |    70 ||   156
       Large rock        |       |       |       |     3 |     1 ||     4
       Javelin           |       |       |       |       |     4 ||     4
Invok: Heroism           |       |       |     5 |    11 |     7 ||    23
       Finesse           |       |       |       |     1 |     1 ||     2
Evoke: Wand              |       |     1 |     3 |     2 |       ||     6
  Use: Scroll            |       |     6 |     3 |    20 |     1 ||    30
       Potion            |       |       |     2 |     1 |       ||     3
 Stab: Sleeping          |       |     3 |       |     1 |       ||     4
       Paralysed         |       |       |       |     4 |       ||     4
Armor: Robe              |    67 |    18 |    94 |    42 |       ||   221
       Acid dragon scale |       |       |       |   141 |   230 ||   371
Dodge: Dodged            |    55 |    35 |   120 |   278 |   212 ||   700
Block: Kite shield       |    72 |    43 |   118 |   164 |       ||   397
       Tower shield      |       |       |       |   143 |   487 ||   630

Table legend: (Time is in decaauts)
 A = Elapsed time spent in this place.
 B = Non-inter-level travel time spent in this place.
 C = Inter-level travel time spent in this place.
 D = Time resting spent in this place.
 E = Time spent auto-exploring this place.
 F = Levels seen in this place.
 G = Mean time per level.
                   A        B        C        D        E       F      G
               +--------+--------+--------+--------+--------+-----+--------+
         Total |  14865 |  14059 |    806 |    383 |   9991 |  19 |  782.4 |
       Dungeon |  10252 |   9626 |    626 |    293 |   7038 |  12 |  854.3 |
        Temple |     73 |     63 |     10 |      0 |     52 |   1 |   73.0 |
          Lair |   4426 |   4258 |    168 |     90 |   2887 |   5 |  885.2 |
         Trove |    113 |    113 |      0 |      0 |     14 |   1 |  113.0 |
               +--------+--------+--------+--------+--------+-----+--------+

Top non-repeatable levels by time:
    D:11: 1389 daAuts
    D:12: 1351 daAuts
  Lair:5: 1158 daAuts
     D:4: 1150 daAuts
  Lair:3: 963 daAuts
     D:8: 867 daAuts
  Lair:2: 857 daAuts
     D:9: 807 daAuts
     D:1: 789 daAuts
     D:5: 769 daAuts
  Lair:4: 730 daAuts
     D:3: 718 daAuts
  Lair:1: 717 daAuts
     D:7: 697 daAuts
     D:6: 639 daAuts
